 Dungeon Crawl Stone Soup version 0.31-a0-1178-gc5c9b8f871 (webtiles) character file.

Game seed: 8364733941324395769

387 grandjackal the Chopper (level 6, -1/48 HPs)
             Began as a Demonspawn Gladiator on Dec 11, 2023.
             Slain by an ogre
             ... wielding a +0 giant club
              (22 damage)
             ... on level 4 of the Dungeon.
             The game lasted 00:03:22 (2805 turns).

grandjackal the Chopper (Demonspawn Gladiator)      Turns: 2805, Time: 00:03:22

Health: -1/48      AC: 10    Str: 16    XL:     6   Next: 49%
Magic:  6/6        EV:  8    Int:  9    God:
Gold:   324        SH:  0    Dex: 14    Spells: 5/5 levels left

rFire   . . .        a - +0 war axe
rCold   . . .        w - orb {*Rage}
rNeg    + . .        q - +0 chain mail
rPois   .            c - +0 helmet
rElec   .            (no cloak)
rCorr   .            (no gloves)
SInv    .            (no boots)
Will    .....        (no amulet) Stlth
                     b - ring of positive energy
HPRegen 0.28/turn    (no ring)
MPRegen 0.10/turn

%: random rage (20%)
@: no status effects
A: powered by death 1, weakness stinger 1
a: no special abilities


You were on level 4 of the Dungeon.
You visited 1 branch of the dungeon, and saw 4 of its levels.
You also visited: Sewer.

You collected 324 gold pieces.

Inventory:

Hand Weapons
 a - a +0 war axe (weapon)
 g - a +2 mace of protection
 j - a +0 flail
Missiles
 d - a throwing net
 e - a javelin
 t - 3 curare-tipped darts (quivered)
Armour
 c - a +0 helmet (worn)
 q - a +0 chain mail (worn)
 w - an orb of wrath (worn)
Jewellery
 b - a ring of positive energy (left hand)
 o - an amulet of magic regeneration
Wands
 p - a wand of digging (9)
Scrolls
 f - a scroll of teleportation
 h - a scroll of torment {unknown}
 i - a scroll of enchant weapon {unknown}
 k - 2 scrolls of fog {unknown}
 n - a scroll of fear {unknown}
 s - a scroll of identify {unknown}
Potions
 l - 4 potions of attraction {unknown}
 m - 4 potions of lignification {unknown}
 r - a potion of might {unknown}
 u - a potion of degeneration {unknown}
 v - a potion of enlightenment {unknown}


   Skills:
 + Level 4.3 Fighting
 + Level 4.4 Axes
 - Level 2.0 Throwing
 + Level 2.9 Armour
 - Level 3.0 Dodging


You had 5 spell levels left.
You didn't know any spells.
Your spell library contained the following spells:

 Spells                   Type           Power      Damage    Failure   Level
 Sandblast                Erth           0%         2d4       99%         1
 Summon Small Mammal      Summ           0%         N/A       99%         1
 Ensorcelled Hibernation  Hex/Ice        0%         N/A       100%        2
 Passwall                 Tmut/Erth      0%         N/A       100%        2
 Call Canine Familiar     Summ           0%         N/A       100%        3
 Stone Arrow              Conj/Erth      0%         3d7       100%        3
 Summon Guardian Golem    Hex/Summ       0%         N/A       100%        3
 Swiftness                Air            0%         N/A       100%        3
 Brom's Barrelling Bould  Conj/Erth      0%         2d3       100%        4


Dungeon Overview and Level Annotations

Branches:
Dungeon (4/15)             Temple (0/1) D:4           Sewer (visited)

Altars:
Uskayaw

Shops:
D:4 *


Innate Abilities, Weirdness & Mutations

You regenerate a little health from kills.
You have a small tail.


Message History

You start resting.
HP restored.
Found a flail.
You now have 263 gold pieces (gained 10).
You now have 275 gold pieces (gained 12).
You see here a scorpion corpse.
Found a stone staircase leading down.
You now have 287 gold pieces (gained 12).
You now have 305 gold pieces (gained 18).
You open the door.
Found a staircase to the Ecumenical Temple.
There is an open door here.
There is a fountain of sparkling water here.
You open the door.
Found Loaclag's General Store.
There is an open door here.
Found 12 gold pieces.
Found a stone staircase leading down.
You now have 312 gold pieces (gained 7).
You see here an orb of wrath.
w - an orb of wrath You start putting on your armour.
You continue putting on your orb of wrath. x4
You finish putting on your orb of wrath.
Found 10 gold pieces.
Found a short sword and a maw talisman.
An ogre comes into view. It is wielding a +0 giant club.
You see here 12 gold pieces.
You now have 324 gold pieces (gained 12).
You hit the ogre but do no damage. The ogre barely misses you.
You hit the ogre but do no damage. The ogre barely misses you.
You hit the ogre. You tail-slap the ogre.
The ogre is moderately wounded.
The ogre hits you with a +0 giant club!!
Ouch! That really hurt!
You hit the ogre but do no damage.
You tail-slap the ogre, but do no damage.
The ogre is moderately wounded.
The ogre hits you with a +0 giant club!!
You die...

#.. #..#### .###
#......#..#..##.....
#.....##......#...##
#....###...........
#...#.##......∩..#
##.....#.......##
###)...#..###'###.###
##.........#.....# #..
#...O@....##.⌠.⌠.###..
#.....##.....+..>..'....
#............#.⌠.⌠.#....
#.....#>.....#.....#.#.#
......$......###+###.#..
##..%...#......#........
#.....##.........##...
###... ...............
.... .......##..>..


You could see an ogre.

Vanquished Creatures
  A crocodile (Sewer)
  2 scorpions (D:4)
  A jelly (D:4)
  An iguana (D:2)
  A river rat (D:3)
  4 adders
  A worm (D:3)
  A dart slug (D:3)
  2 orcs (D:3)
  6 bats
  12 endoplasms
  6 giant cockroaches
  6 hobgoblins
  4 jackals (Sewer)
  6 kobolds
  3 quokkas
  6 ball pythons
  3 frilled lizards
  11 goblins
  3 rats
80 creatures vanquished.

Notes
Turn   | Place    | Note
-------+----------+-------------------------------------------
     0 | D:1      | grandjackal the Demonspawn Gladiator began the quest for
                  | the Orb.
     0 | D:1      | Reached XP level 1. HP: 16/16 MP: 1/1
   131 | D:1      | Gained mutation: You have a small tail. [demonic ancestry]
   131 | D:1      | Reached XP level 2. HP: 22/22 MP: 2/2
   486 | D:1      | Found a faded altar of an unknown god.
   720 | D:2      | Gained mutation: You regenerate a little health from kills.
                  | [demonic ancestry]
   720 | D:2      | Reached XP level 3. HP: 25/28 MP: 3/3
   971 | D:2      | Reached skill level 1 in Armour
   971 | D:2      | Reached XP level 4. HP: 6/34 MP: 4/4
  1258 | D:2      | Found a hide-covered altar of Uskayaw.
  1602 | D:3      | Found a glowing drain.
  1618 | Sewer    | Entered a sewer
  1658 | Sewer    | Noticed a crocodile
  1680 | Sewer    | Killed a crocodile
  1681 | Sewer    | Reached XP level 5. HP: 31/42 MP: 5/5
  2613 | D:4      | Reached XP level 6. HP: 36/48 MP: 6/6
  2769 | D:4      | Found a staircase to the Ecumenical Temple.
  2776 | D:4      | Found Loaclag's General Store.
  2805 | D:4      | Slain by an ogre

Illustrated notes

Levels and vault maps discovered:
D:1:      minmay_arrival_diagonal_passages, layout_basic,
          shapermc_ecumenical_altar_flowoftime
D:2:      layout_rooms, serial_rivers, chequers_serial_rivers_large_b,
          chequers_serial_rivers_room_a, chequers_serial_rivers_micro_e,
          chequers_serial_rivers_marsh, chequers_serial_rivers_room_a,
          chequers_serial_rivers_small_b, basic_altar,
          kennysheep_cross_bottleneck, minmay_tripent
D:3:      layout_basic, portal_sewer_entry_b, hangedman_decor_growths,
          roderic_serpentine_path, minmay_distorted
D:4:      layout_cave_pools, minmay_temple_entry_hall, serial_shops, shop

Skill      XL: |  1  2  3  4  5 |
---------------+----------------+-----
Throwing       | 2 |  2.0
Dodging        | 3 |  3.0
Axes           | 3 4 |  4.4
Armour         | 1 2 |  2.9
Fighting       | 3 4 |  4.3

Action                     |  1- 3 |  4- 6 || total
---------------------------+-------+-------++-------
  Melee: War axe           |   103 |   117 ||   220
         Tailslap          |     3 |    13 ||    16
         Punch             |     1 |     2 ||     3
  Throw: Throwing net      |       |     2 ||     2
    Use: Scroll            |       |     1 ||     1
   Stab: Held in net/web   |       |     1 ||     1
 Armour: Leather armour    |    32 |       ||    32
         Ring mail         |    44 |    20 ||    64
         Chain mail        |       |    70 ||    70
  Dodge: Dodged            |    86 |    51 ||   137

Table legend: (Time is in decaauts)
 A = Elapsed time spent in this place.
 B = Non-inter-level travel time spent in this place.
 C = Inter-level travel time spent in this place.
 D = Time resting spent in this place.
 E = Time spent auto-exploring this place.
 F = Levels seen in this place.
 G = Mean time per level.
                   A        B        C        D        E       F      G
               +--------+--------+--------+--------+--------+-----+--------+
         Total |   2923 |   2892 |     31 |    293 |   1895 |   5 |  584.6 |
       Dungeon |   2753 |   2722 |     31 |    265 |   1869 |   4 |  688.2 |
         Sewer |    170 |    170 |      0 |     28 |     26 |   1 |  170.0 |
               +--------+--------+--------+--------+--------+-----+--------+

Top non-repeatable levels by time:
     D:2: 934 daAuts
     D:3: 847 daAuts
     D:1: 735 daAuts
     D:4: 236 daAuts
   Sewer: 170 daAuts
